 Dungeon Crawl Stone Soup version 0.17.0-22-g5edae84 (webtiles) character file.

7597 Ordine the Carver (level 11, -21/68 HPs)
             Began as a Tengu Berserker on Nov 12, 2015.
             Was a High Priest of Trog.
             Demolished by a tentacled starspawn (29 damage)
             ... on level 1 of the Abyss on Nov 13, 2015.
             The game lasted 00:41:10 (13482 turns).

Ordine the Carver (Tengu Berserker)                Turns: 13482, Time: 00:41:10

Health: -21/68     AC:  8    Str: 17      XL:     11   Next: 17%
Magic:  4/4        EV: 14    Int:  5 (8)  God:    Trog [*****.]
Gold:   489        SH:  0    Dex: 17      Spells: 0 memorised, 10 levels left

rFire  . . .     SeeInvis .     G - +2 great sword (antimagic)
rCold  . . .     Clarity  .     D - +0 troll leather armour
rNeg   . . .     SustAt   .     (shield currently unavailable)
rPois  .         Gourm    .     (helmet restricted)
rElec  .         Spirit   .     y - +2 cloak
rCorr  .         Warding  .     (no gloves)
rMut   .         Rnd*Tele +     (boots unavailable)
MR     .....                    (no amulet)
Stlth  +.........               v - ring of teleportation
                                H - +5 ring of slaying

@: exhausted, not resistant to hostile enchantments, very unstealthy
A: beak, talons 3, able to fly 1
a: Fly, Berserk, Trog's Hand, Brothers in Arms, Burn Spellbooks, Renounce
Religion, Evoke Teleportation


You were on level 1 of the Abyss.
You worshipped Trog.
Trog was extremely pleased with you.
You were not hungry.

You visited 2 branches of the dungeon, and saw 11 of its levels.
You visited the Abyss 1 time.

You collected 489 gold pieces.

Inventory:

Hand Weapons
 G - a +2 antimagic great sword (weapon)
Armour
 e - the cursed +0 cloak of the Maze {+Fly rC+, unknown}
   (You found it on level 1 of the Abyss)

   It protects you from cold.
   It lets you fly.
   It has a curse placed upon it.
 y - a +2 cloak (worn)
 D - a +0 troll leather armour (worn)
Jewellery
 c - a +2 ring of evasion
 u - an uncursed ring of see invisible
 v - a ring of teleportation (right hand)
 F - the ring of Raheposiaf {rF+ rC+ Int-5 SInv}
   (You found it on level 10 of the Dungeon)

   [ring of protection from fire]

   It affects your intelligence (-5).
   It protects you from fire.
   It protects you from cold.
   It lets you see invisible.
 H - a +5 ring of slaying (left hand)
Wands
 s - a wand of fire (10)
 C - a wand of cold (9)
Scrolls
 f - a scroll of magic mapping
 g - a scroll of immolation
 i - a scroll of remove curse
 m - 2 scrolls of recharging
 p - 4 scrolls of enchant armour
 x - a scroll of teleportation
Potions
 b - a potion of cancellation
 d - a potion of cure mutation
 h - 2 potions of curing
 j - a potion of agility
 n - a potion of poison {unknown}
 o - a potion of might {unknown}
 q - 4 potions of resistance
 r - 3 potions of lignification {unknown}
 z - 2 potions of haste {unknown}
 B - a potion of degeneration {unknown}
 E - a potion of magic {unknown}
Comestibles
 a - 2 fruits
 t - 9 bread rations
 w - 3 beef jerkies
 A - 4 meat rations


   Skills:
 + Level 7.8 Fighting
 * Level 14.5 Long Blades
 - Level 7.0 Armour
 + Level 4.6 Dodging


You had 10 spell levels left.
You didn't know any spells.

Dungeon Overview and Level Annotations

Branches:
Dungeon (10/15)            Temple (1/1) D:6            Lair (0/8) D:10
    Orc (0/4) D:10

Altars:
Ashenzari
Cheibriados
Dithmenos
Elyvilon
Fedhas
Gozag
Kikubaaqudgha
Makhleb
Nemelex Xobeh
Okawaru
Qazlal
Ru
Sif Muna
Trog
Vehumet
Xom
Yredelemnul
Zin
The Shining One

Annotations:
D:10 Sonja


Innate Abilities, Weirdness & Mutations

You have a beak for a mouth.
You have claws for feet.
You can fly.


Message History

Okay, then.
Eat which item? (? for menu, Esc to quit)
The tentacled starspawn bites you but does no damage.
The tentacled starspawn closely misses you.
* * * LOW HITPOINT WARNING * * *
The starspawn tentacle constricts you.
That beef jerky was delicious!
Okay, then.
You hit the tentacled starspawn but do no damage.
The starspawn tentacle loses its grip on you.
You claw the tentacled starspawn.
The tentacled starspawn is lightly damaged.
The tentacled starspawn barely misses you.
The tentacled starspawn engulfs you!
* * * LOW HITPOINT WARNING * * *
The starspawn tentacle barely misses you.
The starspawn tentacle misses you.
Drink which item? (? for menu, Esc to quit)
You feel better. The tentacled starspawn bites you!!
You die...

###.##
#..##.....# .
......#....#
#.#
....#.....##.#.
.# ##..... # .
# # . #......#
...# .#.
#...##.*# ### .
##.*###....# #
#wX#*.#. ###
#.@.*###.
###w#.....
#.##... ... ##
##.# ##


You could see a tentacled starspawn and 2 starspawn tentacles.

Vanquished Creatures
  2 large abominations (Abyss:1)
  A troll (D:8)
  A shadow (D:6)
  3 hungry ghosts
  A neqoxec (Abyss:1)
  A steam dragon (D:10)
  8 yaks (D:10)
  A wyvern (D:9)
  2 water moccasins
  2 phantoms
  4 orc warriors
  2 ice beasts
  3 sky beasts
  A wasp (D:8)
  11 ogres
  3 centaurs
  A gnoll sergeant (D:6)
  A big kobold (D:9)
  A wyvern zombie (D:9)
  2 giant frogs
  5 scorpions
  2 wyvern skeletons
  6 killer bees (D:8)
  4 crimson imps
  An orc priest (D:5)
  10 orc wizards
  An iguana (D:6)
  3 hounds
  2 jellies (D:8)
  A quasit (Abyss:1)
  Jessica (D:3)
  A centaur skeleton (D:8)
  Natasha (thrice) (D:3)
  5 worker ants
  A killer bee zombie (D:6)
  A hound skeleton (D:7)
  A worker ant zombie (D:10)
  10 gnolls
  10 adders
  3 shadow imps
  An ooze (D:1)
  An adder skeleton (D:4)
  3 worms
  4 giant geckos
  40 orcs
  14 hobgoblins
  6 jackals
  4 quokkas
  13 bats
  4 giant cockroaches
  A giant gecko skeleton (D:8)
  A giant gecko zombie (D:6)
  6 giant newts
  14 goblins
  A jackal skeleton (D:5)
  14 kobolds
  8 rats
257 creatures vanquished.

Vanquished Creatures (others)
  2 plants (D:10)
  3 starspawn tentacles (Abyss:1)
  262 starspawn tentacle segments (Abyss:1)
267 creatures vanquished.

Grand Total: 524 creatures vanquished

Notes
Turn   | Place    | Note
--------------------------------------------------------------
     0 | D:1      | Ordine the Tengu Berserker began the quest for the Orb.
     0 | D:1      | Reached XP level 1. HP: 14/14 MP: 2/2
   316 | D:1      | Reached XP level 2. HP: 19/19 MP: 3/3
   542 | D:1      | Reached skill level 4 in Long Blades
  1106 | D:2      | Reached XP level 3. HP: 16/23 MP: 4/4
  1541 | D:2      | Reached skill level 5 in Long Blades
  1668 | D:2      | Reached XP level 4. HP: 28/28 MP: 5/5
  1766 | D:2      | Reached ** piety under Trog
  1848 | D:2      | Found a sparkling altar of Nemelex Xobeh.
  1992 | D:2      | Found a burning altar of Makhleb.
  2634 | D:2      | Found a white marble altar of Elyvilon.
  2924 | D:3      | Reached skill level 6 in Long Blades
  3004 | D:3      | Gained mutation: You can fly. [Tengu growth]
  3004 | D:3      | Reached XP level 5. HP: 32/32 MP: 6/6
  3178 | D:3      | Noticed Jessica
  3184 | D:3      | Killed Jessica
  3255 | D:3      | Noticed Natasha
  3264 | D:3      | Killed Natasha
  3265 | D:3      | Found a snail-covered altar of Cheibriados.
  3396 | D:3      | Noticed Natasha
  3407 | D:3      | Killed Natasha
  4319 | D:3      | Noticed Natasha
  4326 | D:3      | Killed Natasha
  4326 | D:3      | Reached *** piety under Trog
  4545 | D:4      | Reached skill level 7 in Long Blades
  4574 | D:4      | Reached XP level 6. HP: 26/37 MP: 7/7
  4881 | D:4      | Noticed an ogre
  4885 | D:4      | Killed an ogre
  4885 | D:4      | Reached skill level 8 in Long Blades
  5262 | D:4      | Found a deep blue altar of Sif Muna.
  5304 | D:4      | Reached XP level 7. HP: 37/41 MP: 4/8
  5311 | D:4      | Identified Sif Muna's Tome of Combat Magic (You found it on level 4 of the Dungeon)
  5430 | D:4      | Found a shadowy altar of Dithmenos.
  5542 | D:4      | Reached skill level 9 in Long Blades
  5683 | D:5      | Entered Level 5 of the Dungeon
  5861 | D:5      | Reached **** piety under Trog
  6794 | D:5      | Reached skill level 10 in Long Blades
  6881 | D:5      | Reached XP level 8. HP: 46/46 MP: 9/9
  7054 | D:6      | Reached skill level 11 in Long Blades
  7329 | D:6      | Reached skill level 12 in Long Blades
  7332 | D:6      | Reached XP level 9. HP: 50/50 MP: 10/10
  7750 | D:6      | Reached skill level 13 in Long Blades
  8118 | D:6      | Found a staircase to the Ecumenical Temple.
  8252 | Temple   | Entered the Ecumenical Temple
  9259 | D:7      | Reached ***** piety under Trog
  9321 | D:7      | Reached skill level 14 in Long Blades
  9887 | D:8      | Reached XP level 10. HP: 36/56 MP: 11/11
 10345 | D:8      | Paralysed by a wasp for 1 turns
 10456 | D:8      | Reached skill level 5 in Fighting
 10563 | D:8      | Reached skill level 5 in Armour
 12383 | D:10     | Entered Level 10 of the Dungeon
 12429 | D:10     | HP: 2/63 [yak (7)]
 12431 | D:10     | Received a gift from Trog
 12550 | D:10     | Reached XP level 11. HP: 67/67 MP: 4/12
 12617 | D:10     | Got a translucent lapis lazuli ring
 12619 | D:10     | Identified the ring of Raheposiaf {rF+ rC+ Int-5 SInv} (You found it on level 10 of the Dungeon)
 12996 | D:10     | Found a staircase to the Orcish Mines.
 13048 | D:10     | Found a staircase to the Lair.
 13048 | D:10     | Noticed Sonja
 13055 | D:10     | Cast into the Abyss (Sonja)
 13087 | Abyss:1  | HP: 3/67 [large abomination (23)]
 13196 | Abyss:1  | Noticed a hell knight
 13199 | Abyss:1  | Noticed a starcursed mass
 13268 | Abyss:1  | Noticed a starcursed mass
 13343 | Abyss:1  | Found a corrupted altar of Lugonu.
 13382 | Abyss:1  | Got a warped cloak
 13385 | Abyss:1  | Noticed a thrashing horror
 13413 | Abyss:1  | Noticed a bone dragon
 13413 | Abyss:1  | Found a corrupted altar of Lugonu.
 13438 | Abyss:1  | Noticed a spatial maelstrom
 13463 | Abyss:1  | Noticed a tentacled starspawn
 13481 | Abyss:1  | HP: 2/68 [tentacled starspawn (14)]
 13482 | Abyss:1  | Demolished by a tentacled starspawn

Action                   |  1- 3 |  4- 6 |  7- 9 | 10-12 || total
-------------------------+-------+-------+-------+-------++-------
Melee: Falchion          |    74 |   183 |   333 |    28 ||   618
       Long sword        |       |       |       |   193 ||   193
       Great sword       |       |       |       |    49 ||    49
Invok: Berserk           |     1 |     8 |    16 |    14 ||    39
       Trog's Hand       |       |       |     2 |     2 ||     4
       Burn Spellbooks   |       |       |     1 |     1 ||     2
       Brothers in Arms  |       |       |       |     1 ||     1
 Abil: Fly               |       |     1 |     1 |       ||     2
       Evoke Teleportati |       |       |       |     4 ||     4
  Use: Scroll            |     7 |     1 |     9 |     8 ||    25
       Potion            |       |       |       |     6 ||     6
 Stab: Invisible         |       |       |       |     1 ||     1
  Eat: Chunk             |     3 |    15 |    27 |    16 ||    61
       Bread ration      |       |     1 |       |     1 ||     2
       Meat ration       |       |       |     1 |       ||     1
       Beef jerky        |       |       |       |     6 ||     6
